 Dungeon Crawl Stone Soup version 0.25.1-11-g244df3a29b (webtiles) character file.

Game seed: 13889285537017374642

110 DeepDeath the Cudgeler (level 4, -5/28 HPs)
             Began as a Gargoyle Abyssal Knight on Nov 10, 2023.
             Was a Follower of Lugonu.
             Killed by divine providence
             ... invoked by an orc priest
              (9 damage)
             ... on level 3 of the Dungeon.
             The game lasted 00:04:19 (3064 turns).

DeepDeath the Cudgeler (Gargoyle Abyssal Knight)    Turns: 3064, Time: 00:04:19

Health: -5/28      AC:  7    Str: 16    XL:     4   Next: 91%
Magic:  5/5        EV: 11    Int: 13    God:    Lugonu [*.....]
Gold:   142        SH:  0    Dex:  9    Spells: 3/3 levels left

rFire    . . .     SeeInvis .   a - +1 mace
rCold    . . .     Gourm    .   (no shield)
rNeg     + . .     Faith    .   b - +0 leather armour
rPois    ∞         Spirit   .   (no helmet)
rElec    +         Reflect  .   (no cloak)
rCorr    .         Harm     .   h - +0 pair of gloves
MR       .....                  (no boots)
Stlth    +.........             (no amulet)
HPRegen  0.09/turn              (no ring)
MPRegen  0.09/turn              (no ring)

@: no status effects
A: negative energy resistance 1, electricity resistance, unbreathing,
petrification resistance, rot immunity, AC +3
a: Depart the Abyss, Renounce Religion


You were on level 3 of the Dungeon.
You worshipped Lugonu.
Lugonu was aware of your devotion.
You were hungry.

You visited 1 branch of the dungeon, and saw 3 of its levels.
You visited the Abyss 1 time.

You collected 142 gold pieces.

Inventory:

Hand Weapons
 a - a +1 mace (weapon)
 y - a +0 mace
Missiles
 e - 87 stones (quivered)
 p - 25 sling bullets
 v - 37 bolts
 x - 15 arrows
Armour
 b - a +0 leather armour (worn)
 h - a +0 pair of gloves (worn)
Jewellery
 j - an uncursed ring of fire {unknown}
 k - an uncursed amulet of regeneration {unknown}
 l - an uncursed ring of resist corrosion {unknown}
 s - an uncursed ring of protection from cold {unknown}
Wands
 u - a wand of enslavement (5)
Scrolls
 f - a scroll of fear {unknown}
 g - a scroll of immolation {unknown}
 i - 3 scrolls of identify {unknown}
 n - a scroll of teleportation {unknown}
 q - a scroll of noise {unknown}
 r - a scroll of magic mapping {unknown}
Potions
 m - 3 potions of lignification {unknown}
 o - a potion of might {unknown}
 t - a potion of degeneration {unknown}
 w - a potion of curing {unknown}
Comestibles
 c - 5 rations


   Skills:
 - Level 3.2 Fighting
 + Level 4.9 Maces & Flails
 - Level 2.1 Armour
 - Level 0.7 Dodging
 - Level 2.0 Invocations


You had 3 spell levels left.
You didn't know any spells.
Your spell library was empty.

Dungeon Overview and Level Annotations

Branches:
Dungeon (3/15)

Altars:
Cheibriados
Fedhas
Kikubaaqudgha
Makhleb
Zin


Innate Abilities, Weirdness & Mutations

You are resistant to torment.
Your stone body is resilient. (AC +3)
You are immune to poison.
You resist negative energy. (rN+)
You are resistant to electric shocks. (rElec)
You can survive without breathing.
You are immune to petrification.
You are immune to rotting.


Message History

A giant cockroach comes into view.
The orc wizard barely misses you. The orc wizard casts a spell at you.
The magic dart hits you.
The orc wizard gestures at you while chanting.
The magic dart hits you.
The orc wizard gestures at you while chanting.
The magic dart hits you.
* * * LOW HITPOINT WARNING * * *
You feel yourself speed up.
The orc wizard points at you and mumbles some strange words.
The magic dart hits you.
* * * LOW HITPOINT WARNING * * *
Unknown command.
Unknown command.
Unknown command.
The orc priest miscasts a cantrip.
The orc priest invokes the aid of Beogh against you.
Beogh smites you!
You die...

#.#####
#.##...........[........#
#.....#
#.##........#############
#####.###.##........#
........#.##........#
......#.#.##........#
####..#.#.###.#####.#
#..#.#.....# #.#
#..#.###########.#
#..#..o..sK.o@...#
####..#(#############
....>.s....K.........
####.......oo.......#
##.#######.......#
#####.#######.......#
............)........
...........o...######
#####..........#


You could see an orc priest, an orc wizard (fast), a giant cockroach and a
kobold.

Vanquished Creatures
  A hound (D:2)
  A worker ant zombie (D:2)
  2 adders
  2 oozes (D:1)
  A worm (D:3)
  A dart slug (D:2)
  2 leopard geckos
  2 orcs (D:3)
  3 bats
  A giant cockroach (D:1)
  2 goblins (D:1)
  7 hobgoblins
  3 kobolds (D:2)
  A quokka (D:2)
  A ball python (D:2)
  A frilled lizard (D:1)
  6 rats
37 creatures vanquished.

Vanquished Creatures (collateral kills)
  An orc (D:3)
1 creature vanquished.

Vanquished Creatures (others)
  An orc wizard (D:3)
1 creature vanquished.

Grand Total: 39 creatures vanquished

Notes
Turn   | Place    | Note
-------+----------+-------------------------------------------
     0 | Abyss:1  | DeepDeath the Gargoyle Abyssal Knight began the quest for
                  | the Orb.
     0 | Abyss:1  | Reached XP level 1. HP: 14/14 MP: 2/2
    26 | Abyss:1  | Noticed a kobold demonologist
    36 | Abyss:1  | Noticed a crimson imp
    36 | Abyss:1  | Noticed an iron imp
    36 | Abyss:1  | Noticed a quasit
    39 | D:1      | Escaped the Abyss
   277 | D:1      | Reached XP level 2. HP: 7/19 MP: 3/3
   489 | D:1      | Reached skill level 3 in Maces & Flails
   790 | D:1      | Reached XP level 3. HP: 22/23 MP: 4/4
  1242 | D:2      | Reached * piety under Lugonu
  1457 | D:2      | Found a burning altar of Makhleb.
  1469 | D:2      | Reached skill level 4 in Maces & Flails
  1469 | D:2      | Reached XP level 4. HP: 18/28 MP: 5/5
  1808 | D:2      | Found a glowing silver altar of Zin.
  1835 | D:2      | Found an ancient bone altar of Kikubaaqudgha.
  2325 | D:3      | Found a blossoming altar of Fedhas.
  2730 | D:3      | Found a snail-covered altar of Cheibriados.
  3064 | D:3      | Killed from afar by an orc priest

Illustrated notes

Levels and vault maps discovered:
D:1:      minmay_arrival_diagonal_passages, layout_basic
D:2:      layout_loops_corners, zin_statuary, makhleb_blood_cavern_becter,
          nicolae_overflow_crystal_walls
D:3:      layout_basic, overflow_temple_1_default, lemuel_crystal_altar

Skill      XL: |  1  2  3 |
---------------+----------+-----
Maces & Flails | 3 4 |  4.9
Fighting       | |  3.2
Armour         | |  2.1
Dodging        | |  0.7
Invocations    | |  2.0

Action                   |  1- 3 |  4- 6 || total
-------------------------+-------+-------++-------
Melee: Mace              |    88 |    73 ||   161
Invok: Depart the Abyss  |     1 |       ||     1
Evoke: Wand              |       |     2 ||     2
  Eat: Chunk             |     1 |     5 ||     6
Armor: Leather armour    |    45 |    34 ||    79
Dodge: Dodged            |    60 |    45 ||   105
